 Dungeon Crawl Stone Soup version 0.27-a0-597-g524d869a0f (webtiles) character file.

Game seed: 13036714985767635166

241 kae the Ruffian (level 6, 0/52 HPs)
             Began as a Naga Transmuter on Mar 11, 2021.
             Slain by a quokka (4 damage)
             ... on level 4 of the Dungeon.
             The game lasted 00:02:32 (4018 turns).

kae the Ruffian (Naga Transmuter)                   Turns: 4018, Time: 00:02:33

Health: 0/52       AC:  4    Str: 15    XL:     6   Next: 8%
Magic:  10/10      EV: 10    Int: 13    God:
Gold:   200        SH:  0    Dex: 11    Spells: 6/10 levels left

rFire    . . .     SeeInvis +     - Unarmed
rCold    . . .     Faith    .   (no shield)
rNeg     . . .     Spirit   .   a - +0 robe
rPois    +         Reflect  .   (no helmet)
rElec    .         Harm     .   (no cloak)
rCorr    .         Rampage  .   g - +0 pair of gloves
Will     .....                  (no barding)
Stlth    +.........             (no amulet)
HPRegen  0.17/turn              (no ring)
MPRegen  0.12/turn              (no ring)

@: lethally poisoned (0 -> -11), very slow
A: large, see invisible, deformed body, poison resistance, slowness 2, spit
poison 1, naga tail 1, AC +2
a: Spit Poison


You were on level 4 of the Dungeon.
You visited 1 branch of the dungeon, and saw 4 of its levels.

You collected 200 gold pieces.

Inventory:

Armour
 a - a +0 robe (worn)
 g - a +0 pair of gloves (worn)
Jewellery
 h - an amulet of magic regeneration
Scrolls
 d - 2 scrolls of identify
Potions
 b - a potion of flight
 e - a potion of attraction {unknown}
 f - a potion of curing


   Skills:
 + Level 2.0 Fighting
 + Level 2.1 Dodging
 * Level 4.1 Unarmed Combat
 + Level 2.7 Spellcasting
 * Level 3.5 Transmutations
 - Level 3.0 Poison Magic


You had 6 spell levels left.
You knew the following spells:

 Your Spells              Type           Power      Damage    Failure   Level
a - Beastly Appendage     Tmut           20%        N/A       5%          1
b - Spider Form           Tmut/Pois      5%         N/A       19%         3

Your spell library contained the following spells:

 Spells                   Type           Power      Damage    Failure   Level
 Wereblood                Tmut           10%        N/A       9%          2
 Ice Form                 Ice/Tmut       6%         N/A       75%         4
 Blade Hands              Tmut           5%         N/A       83%         5


Dungeon Overview and Level Annotations

Branches:
Dungeon (4/15)
 Temple: D:4-7

Altars:
Elyvilon
Qazlal

Annotations:
D:3 Ijyb
D:4 Sigmund


Innate Abilities, Weirdness & Mutations

Your serpentine skin is tough. (AC +2)
You have supernaturally acute eyesight. (SInv)
Armour fits poorly on your strangely shaped body.
Your system is resistant to poisons. (rPois)
You cover ground very slowly.
You can spit poison.
You have a snake-like lower body.


Message History

You barely miss the scorpion. The scorpion stings you.
You are poisoned.
The scorpion poisons you!
Sigmund the Dreaded comes into view.
He is wielding a +0 scythe.
The orc misses you.
The quokka bites you but does no damage.
There are monsters nearby!
Sigmund shouts!
You punch the scorpion!
The scorpion is moderately wounded.
You feel sick.
The scorpion stings you but does no damage.
The quokka bites you but does no damage.
You closely miss the scorpion.
The scorpion is moderately wounded.
You feel sick. The orc hits you with a +0 flail.
The quokka bites you but does no damage.
The scorpion stings you. Sigmund barely misses you.
There are monsters nearby!
You hit the scorpion but do no damage.
The scorpion is moderately wounded.
You have got your breath back.
The orc hits you with a +0 flail. The quokka barely misses you.
The scorpion stings you but does no damage.
You hit the scorpion but do no damage.
The scorpion is moderately wounded.
You feel sick. The quokka bites you.
Sigmund hits you from afar with a +0 scythe!
The orc hits you with a +0 flail.
The quokka bites you but does no damage.
The scorpion stings you!
* * * LOW HITPOINT WARNING * * *
The quokka bites you.
* * * LOW HITPOINT WARNING * * *
There is a stone staircase leading up, spattered with blood here.
You feel sick. The scorpion stings you.
* * * LOW HITPOINT WARNING * * *
You are lethally poisoned!
The scorpion poisons you! The quokka bites you.
You die...

## ###.
#...######
#...#@...#..
+..osr...!...
#....@####...
##....# #
#.....
#......
........
###....<..
#........


You could see Sigmund, a scorpion, an orc and a quokka.

Vanquished Creatures
  A water moccasin (D:3)
  3 adders
  An ooze (D:3)
  5 worms
  3 dart slugs
  A leopard gecko (D:2)
  7 orcs (D:3)
  A ball python (D:3)
  2 giant cockroaches (D:2)
  7 goblins
  4 hobgoblins
  4 jackals (D:1)
  12 kobolds
  3 quokkas
  A ball python skeleton (D:2)
  6 bats
  4 frilled lizards
  6 rats
71 creatures vanquished.

Notes
Turn   | Place    | Note
-------+----------+-------------------------------------------
     0 | D:1      | kae the Naga Transmuter began the quest for the Orb.
     0 | D:1      | Reached XP level 1. HP: 18/18 MP: 3/3
   586 | D:1      | Reached XP level 2. HP: 23/25 MP: 3/5
  1269 | D:2      | Reached XP level 3. HP: 31/31 MP: 4/6
  1274 | D:2      | Learned a level 3 spell: Spider Form
  1732 | D:2      | Found a white marble altar of Elyvilon.
  1757 | D:2      | Reached skill level 1 in Poison Magic
  1760 | D:2      | Reached XP level 4. HP: 34/38 MP: 5/7
  2575 | D:3      | Noticed a water moccasin
  2588 | D:3      | HP: 1/38 [water moccasin (3)]
  2594 | D:3      | Killed a water moccasin
  2595 | D:3      | Reached skill level 4 in Unarmed Combat
  2595 | D:3      | Reached XP level 5. HP: 18/45 MP: 1/8
  2809 | D:3      | Reached XP level 6. HP: 40/52 MP: 8/10
  2924 | D:3      | Noticed Ijyb
  3311 | D:3      | Found a faded altar of an unknown god.
  3604 | D:3      | Found a stormy altar of Qazlal.
  4012 | D:4      | Noticed Sigmund
  4018 | D:4      | Slain by a quokka

Illustrated notes

Levels and vault maps discovered:
D:1:      amcnicky_arrival_wind_blow, layout_rooms
D:2:      minmay_chambers_of_twos, layout_basic, elyvilon_altar_5
D:3:      layout_basic, marbit_many_paths, chequers_ecumenical_altar_twisty,
          uniq_ijyb
D:4:      kennysheep_goblin_castle, layout_basic, uniq_edmund, uniq_sigmund

Skill      XL: |  1  2  3  4  5  6 |
---------------+-------------------+-----
Poison Magic   | 1 2 3 |  3.0
Transmutations | 3 |  3.5
Dodging        | 2 |  2.1
Unarmed Combat | 4 |  4.1
Fighting       | 2 |  2.0
Spellcasting   | |  2.7

Action                   |  1- 3 |  4- 6 || total
-------------------------+-------+-------++-------
Melee: Unarmed           |    82 |    93 ||   175
       Headbutt          |     6 |     4 ||    10
       Punch             |     1 |       ||     1
 Cast: Beastly Appendage |    21 |    17 ||    38
       Spider Form       |       |     3 ||     3
 Abil: Spit Poison       |    28 |    26 ||    54
  Use: Scroll            |       |     3 ||     3
       Potion            |       |     2 ||     2
Armor: Robe              |    20 |    18 ||    38
Dodge: Dodged            |    51 |    55 ||   106

Table legend: (Time is in decaauts)
 A = Elapsed time spent in this place.
 B = Non-inter-level travel time spent in this place.
 C = Inter-level travel time spent in this place.
 D = Time resting spent in this place.
 E = Time spent auto-exploring this place.
 F = Levels seen in this place.
 G = Mean time per level.
                   A        B        C        D        E       F      G
               +--------+--------+--------+--------+--------+-----+--------+
         Total |   4784 |   4602 |    182 |     11 |   4061 |   4 | 1196.0 |
       Dungeon |   4784 |   4602 |    182 |     11 |   4061 |   4 | 1196.0 |
               +--------+--------+--------+--------+--------+-----+--------+

Top non-repeatable levels by time:
     D:3: 2371 daAuts
     D:2: 1234 daAuts
     D:1: 1169 daAuts
     D:4: 9 daAuts
